 Dungeon Crawl Stone Soup version 0.27-a0-637-g3a9f0a9c12 (webtiles) character file.

Game seed: 8131317168649032277

686687 wakim the Hoplite (level 27, -5/184 HPs)
             Began as a Gargoyle Venom Mage on Mar 13, 2021.
             Was the Champion of Makhleb.
             Slain by a storm dragon (8 damage)
             ... on level 1 of the Realm of Zot on Mar 14, 2021.
             The game lasted 04:23:44 (67693 turns).

wakim the Hoplite (Gargoyle Venom Mage)            Turns: 67693, Time: 04:23:45

Health: -5/184     AC: 58    Str: 19    XL:     27
Magic:  35/35      EV:  4    Int: 25    God:    Makhleb [******]
Gold:   4941       SH: 24    Dex: 10    Spells: 36/50 levels left

rFire    + + .     SeeInvis +   a - +9 demon whip (vamp)
rCold    + + .     Faith    .   n - +0 tower shield
rNeg     + . .     Spirit   .   v - +0 gold dragon scales
rPois    ∞         Reflect  .   (helmet restricted)
rElec    +         Harm     .   x - +1 cloak {rCorr}
rCorr    +         Rampage  .   V - +3 pair of gauntlets of War {Slay+5}
Will     +++..                  g - +2 pair of boots {Fly}
Stlth    ..........             r - amulet of regeneration
HPRegen  1.40/turn              q - ring "Yshasul" {rElec AC+4 SInv}
MPRegen  0.24/turn              o - ring of Miracles {rPois rF+ rC+ Will+ Int+3}

@: corroded, constricted
A: AC +20, big wings, negative energy resistance 1, electricity resistance,
torment resistance 1, unbreathing 1, petrification resistance, horns 1, icy blue
scales 1, yellow scales 1, camouflage 1, low mp 1, sense surroundings 1, no
potion heal 1, subdued magic 1, MP-powered wands
}: 4/15 runes: decaying, serpentine, slimy, silver
a: Fly, Renounce Religion, Minor Destruction, Lesser Servant of Makhleb, Major
Destruction, Greater Servant of Makhleb


You were on level 1 of the Realm of Zot.
You worshipped Makhleb.
Makhleb was exalted by your worship.
You visited 11 branches of the dungeon, and saw 51 of its levels.
You also visited: Trove, Gauntlet, Ice Cave, Volcano, Wizlab and Desolation.

You collected 11154 gold pieces.
You spent 6213 gold pieces at shops.

Inventory:

Hand Weapons
 a - a +9 vampiric demon whip (weapon)
 b - a +9 eveningstar of holy wrath
Missiles
 m - 5 boomerangs of dispersal
 t - 4 throwing nets
 T - 12 silver boomerangs
Armour
 f - the +2 helmet "Dileol" {rElec Will+}
   (You found it on level 4 of the Lair of Beasts)

   It insulates you from electricity.
   It affects your willpower, your defense against some magical effects.
 g - a +2 pair of boots of flying (worn)
 n - a +0 tower shield (worn)
 v - +0 gold dragon scales (worn)
 w - a scarf of resistance
 x - a +1 cloak of preservation (worn)
 V - the +3 pair of gauntlets of War (worn) {Slay+5}
   (You found it in a Gauntlet)

   It affects your accuracy and damage with ranged weapons and melee attacks
   (+5).
Jewellery
 c - a ring of protection from cold
 o - the ring of Miracles (left hand) {rPois rF+ rC+ Will+ Int+3}
   (You found it in the Desolation of Salt)

   [ring of protection from fire]

   It affects your intelligence (+3).
   It protects you from fire.
   It protects you from cold.
   It protects you from poison.
   It affects your willpower, your defense against some magical effects.
 q - the ring "Yshasul" (right hand) {rElec AC+4 SInv}
   (You took it off a minotaur in a Gauntlet)

   [ring of protection]

   It affects your AC (+4).
   It insulates you from electricity.
   It lets you see invisible.
 r - an amulet of regeneration (around neck)
 s - the ring of Harmony {rN+ Str+5}
   (You found it in a treasure trove)

   [ring of positive energy]

   It affects your strength (+5).
   It protects you from negative energy.
 u - the ring of Descent {Will+ Str+8 Dex-5 Slay+4}
   (You found it in a treasure trove)

   [ring of slaying]

   It affects your strength (+8).
   It affects your dexterity (-5).
   It affects your accuracy and damage with ranged weapons and melee attacks
   (+4).
   It affects your willpower, your defense against some magical effects.
 L - an amulet "Vahem" {Reflect rPois rC+ SH+5}
   (You found it on level 2 of the Depths)

   [amulet of reflection]

   It shields you and reflects attacks.
   It protects you from cold.
   It protects you from poison.
   It affects your SH (+5).
Wands
 d - a wand of digging (24)
 e - a wand of charming (33)
 h - a wand of acid (35)
 i - a wand of iceblast (36)
 j - a wand of polymorph (47)
 p - a wand of paralysis (40)
 y - a wand of mindburst (45)
Scrolls
 k - a scroll of enchant armour
 A - 4 scrolls of brand weapon
 D - 5 scrolls of blinking
 E - a scroll of fear
 F - 6 scrolls of fog
 K - 3 scrolls of immolation
 O - a scroll of silence
 S - 2 scrolls of summoning
 W - 4 scrolls of holy word
 X - 9 scrolls of magic mapping {@r4}
 Y - 21 scrolls of teleportation {@r3}
 Z - 46 scrolls of identify {@r1}
Potions
 C - 8 potions of cancellation
 H - 10 potions of haste
 I - 6 potions of invisibility
 J - 17 potions of curing {@q1}
 M - 15 potions of might
 N - 11 potions of heal wounds {@q2}
 Q - 4 potions of magic
 R - 5 potions of resistance
 U - 6 potions of mutation


   Skills:
 + Level 21.7 Fighting
 - Level 16.0 Maces & Flails
 - Level 5.2 Throwing
 - Level 18.5 Armour
 - Level 10.7 Dodging
 - Level 8.0 Stealth
 - Level 25.0 Shields
 - Level 12.0 Spellcasting
 - Level 10.0 Transmutations
 - Level 10.0 Fire Magic
 - Level 14.0 Poison Magic
 - Level 20.0 Invocations


You had 36 spell levels left.
You knew the following spells:

 Your Spells              Type           Power      Damage    Failure   Level
a - Alistair's Intoxicat  Tmut/Pois      36%        N/A       26%         5
g - Ignite Poison         Fire/Tmut/Pois 53%        N/A       3%          3
s - Poisonous Vapours     Pois/Air       76%        N/A       11%         2
w - Olgreb's Toxic Radia  Pois           60%        N/A       3%          4

Your spell library contained the following spells:

 Spells                   Type           Power      Damage    Failure   Level
 Beastly Appendage        Tmut           100%       N/A       1%          1
 Sting                    Tmut/Pois      100%       1d8       1%          1
 Passwall                 Tmut/Erth      25%        N/A       26%         2
 Conjure Flame            Conj/Fire      30%        6-21      47%         3
 Inner Flame              Hex/Fire       30%        N/A       47%         3
 Mephitic Cloud           Conj/Pois/Air  29%        N/A       52%         3
 Apportation              Tloc           22%        N/A       80%         1
 Corona                   Hex            12%        N/A       80%         1
 Freeze                   Ice            44%        1d6       80%         1
 Magic Dart               Conj           44%        1d5       80%         1
 Sandblast                Erth           22%        2d7       80%         1
 Shock                    Conj/Air       44%        1d5       80%         1
 Summon Small Mammal      Summ           44%        N/A       80%         1
 Eringya's Noxious Bog    Tmut/Pois      27%        N/A       83%         6
 Petrify                  Tmut/Erth      30%        N/A       87%         4
 Sticky Flame             Conj/Fire      30%        2d5       87%         4
 Call Imp                 Summ           11%        N/A       91%         2
 Corpse Rot               Necr/Air       N/A        N/A       91%         2
 Ensorcelled Hibernation  Hex/Ice        22%        N/A       91%         2
 Slow                     Hex            11%        N/A       91%         2
 Swiftness                Air            11%        N/A       91%         2
 Hydra Form               Tmut           25%        N/A       98%         6
 Call Canine Familiar     Summ           11%        N/A       99%         3
 Confusing Touch          Hex            11%        N/A       99%         3
 Dazzling Flash           Conj/Hex       22%        N/A       99%         3
 Frozen Ramparts          Ice            22%        1d4       99%         3
 Gell's Gravitas          Tloc           5%         N/A       99%         3
 Lesser Beckoning         Tloc           5%         N/A       99%         3
 Ozocubu's Armour         Ice            11%        N/A       99%         3
 Portal Projectile        Hex/Tloc       22%        N/A       99%         3
 Static Discharge         Conj/Air       11%        N/A       99%         3
 Stone Arrow              Conj/Erth      22%        3d8       99%         3
 Summon Guardian Golem    Hex/Summ       11%        N/A       99%         3
 Tukima's Dance           Hex            11%        N/A       99%         3
 Irradiate                Conj/Tmut      15%        3d18      99%         5
 Yara's Violent Unravell  Hex/Tmut       15%        3d8       99%         5
 Airstrike                Air            5%         N/A       100%        4
 Animate Armour           Summ/Erth      22%        N/A       100%        4
 Animate Dead             Necr           5%         N/A       100%        4
 Cause Fear               Hex            5%         N/A       100%        4
 Dispel Undead            Necr           11%        3d9       100%        4
 Hailstorm                Conj/Ice       11%        3d5       100%        4
 Leda's Liquefaction      Hex/Erth       5%         N/A       100%        4
 Passage of Golubria      Tloc           N/A        N/A       100%        4
 Summon Ice Beast         Ice/Summ       11%        N/A       100%        4
 Summon Lightning Spire   Summ/Air       11%        N/A       100%        4
 Agony                    Necr           11%        N/A       100%        5
 Bolt of Magma            Conj/Fire/Erth 12%        4d8       100%        5
 Borgnjor's Vile Clutch   Necr/Erth      5%         N/A       100%        5
 Excruciating Wounds      Necr           5%         N/A       100%        5
 Lee's Rapid Deconstruct  Erth           5%         3d7*      100%        5
 Lightning Bolt           Conj/Air       5%         1d17      100%        5
 Metabolic Englaciation   Hex/Ice        5%         N/A       100%        5
 Silence                  Hex/Air        5%         N/A       100%        5
 Summon Forest            Summ/Tloc      5%         N/A       100%        5
 Summon Mana Viper        Hex/Summ       11%        N/A       100%        5
 Death Channel            Necr           5%         N/A       100%        6
 Freezing Cloud           Conj/Ice/Air   5%         6-21      100%        6
 Invisibility             Hex            11%        N/A       100%        6
 Iron Shot                Conj/Erth      5%         9d2       100%        6
 Shadow Creatures         Summ           N/A        N/A       100%        6
 Simulacrum               Ice/Necr       5%         N/A       100%        6
 Starburst                Conj/Fire      15%        8x6d6     100%        6
 Dragon Form              Tmut           25%        N/A       100%        7
 Haunt                    Necr/Summ      5%         N/A       100%        7
 Malign Gateway           Summ/Tloc      5%         N/A       100%        7
 Monstrous Menagerie      Summ           5%         N/A       100%        7
 Orb of Destruction       Conj           5%         9d2       100%        7
 Summon Hydra             Summ           5%         N/A       100%        7
 Discord                  Hex            5%         N/A       100%        8
 Summon Horrible Things   Summ           5%         N/A       100%        8
 Shatter                  Erth           5%         3d8*      100%        9
 Sublimation of Blood     Necr           Unusable   N/A       N/A         2
 Statue Form              Tmut/Erth      Unusable   N/A       N/A         6

Dungeon Overview and Level Annotations

Branches:
Dungeon (15/15)            Temple (1/1) D:6            Lair (6/6) D:11
  Swamp (4/4) Lair:3        Snake (4/4) Lair:2        Slime (5/5) Lair:5
    Orc (2/2) D:9             Elf (3/3) Orc:2        Vaults (5/5) D:14
  Crypt (0/3) Vaults:3     Depths (5/5) D:15            Zot (1/5) Depths:5
  IceCv (visited)         Volcano (visited)          WizLab (visited)
Desolation (visited)      Gauntlet (visited)

Altars:
Ashenzari
Cheibriados
Dithmenos
Fedhas
Kikubaaqudgha
Makhleb
Nemelex Xobeh
Okawaru
Qazlal
Ru
Sif Muna
Trog
Uskayaw
Vehumet
Wu Jian
Xom
Zin
The Shining One
Beogh
Jiyva

Shops:
D:5 ?   D:9 *   Orc:2 ?([!   Elf:2 *([?   Snake:2 ((*[   Vaults:5 ==!!!?
Depths:1 *   Depths:4 ([**

Portals:
Hell: Depths:1 Depths:2 Depths:3 Depths:4 Depths:5
Abyss: Depths:2 Depths:3 Depths:4 Depths:5
Pandemonium: Depths:3
Ziggurat: Depths:3


Innate Abilities, Weirdness & Mutations

Your stone body is resilient. (AC +20)
You are immune to poison.
Your large and strong wings let you fly indefinitely.
You resist negative energy. (rN+)
You are resistant to electric shocks. (rElec)
You are resistant to unholy torment.
You can survive without breathing.
You are immune to petrification.
You have a pair of small horns on your head.
You are partially covered in icy blue scales. (AC +2)
You are partially covered in yellow scales. (AC +2)
Your skin changes colour to match your surroundings (Stealth+).
Your magical capacity is low. (-10% MP)
You passively map a small area around you.
Potions are less effective at restoring your health.
Your spells are a little easier to cast, but a little less powerful.
You expend magic power (3 MP) to strengthen your wands.


Message History

The tentacled monstrosity's grasp on you weakens, but your attempt to escape fails.
As you read the scroll of blinking, it crumbles to dust.
The storm dragon tramples you.
You are held in place!
The tentacled monstrosity tentacle-slaps you.
The tentacled monstrosity constricts you.
The moth of wrath goads the shadow dragon on!
The shadow dragon goes berserk!
The green draconian tail-slaps you!
You hit the storm dragon but do no damage.
A purple draconian comes into view. It is wielding a +0 mace.
The tentacled monstrosity constricts you.
As you read the scroll of fear, it crumbles to dust.
You assume a fearsome visage.
The moth of wrath looks frightened! x2
The white draconian stormcaller looks frightened!
The green draconian knight looks frightened!
The purple draconian resists with almost no effort.
The tentacled monstrosity is unaffected.
The white draconian shifter looks frightened!
The shadow dragon resists with almost no effort.
The green draconian hits you with a +0 glaive.
The storm dragon bites you!
* * * LOW HITPOINT WARNING * * *
The green draconian knight points at itself and mumbles some strange words.
The green draconian knight flickers and vanishes for a moment.
The yellow draconian hits you with a +0 morningstar!
* * * LOW HITPOINT WARNING * * *
The white draconian shifter blinks!
The storm dragon bites you!
* * * LOW HITPOINT WARNING * * *
x2 The tentacled monstrosity constricts you.
The green draconian hits you with a +0 glaive!
* * * LOW HITPOINT WARNING * * *
You hear a roar!
Okay, then.
You whack the tentacled monstrosity!
The tentacled monstrosity is heavily wounded.
The yellow draconian hits you with a +0 morningstar!!
* * * LOW HITPOINT WARNING * * *
The white draconian shifter blinks!
The storm dragon bites you!
* * * LOW HITPOINT WARNING * * *
The storm dragon tramples you!
You die...

, ≈.....### , ,
........# ** ,
...≈≈≈≈.# , , ,
.≈≈≈≈≈≈.#
,.≈≈≈≈q.y# **
.≈d≈≈≈≈.# , , ,
...≈≈≈Dd######
* , ** ,
.q.≈≈dD@d....#
,......dDX≈≈q.#
,
,.........≈≈..#
*
#####.....≈...#
,
#∩..)...y.....#
#####.........#
, #........§# *
###########


You could see a shadow dragon (berserk), a tentacled monstrosity, a green
draconian knight (icy armour, invisible, fleeing), 2 storm dragons, 2
draconians, a green draconian (berserk), 2 draconians, a white draconian shifter
(fleeing), a white draconian stormcaller (fleeing) and 2 moths of wrath.

Vanquished Creatures
  Dissolution (Slime:1)
  the Royal Jelly (Slime:5)
  A juggernaut (Depths:3)
  Sojobo (Depths:2)
  Vashnia (Snake:2)
  Nikola (Snake:2)
  A caustic shrike (Depths:2)
  5 golden dragons
  7 tentacled monstrosities
  Rupert (Lair:3)
  3 liches
  7 titans
  10 acid blobs
  2 deep elf blademasters (Elf:3)
  3 quicksilver dragons (Vaults:5)
  2 deep elf master archers (Elf:3)
  7 sphinxes
  7 storm dragons
  9 tengu reavers
  6 shadow dragons
  Roxanne (D:15)
  13 azure jellies
  A thorn hunter (Swamp:4)
  9 rockslimes
  11 fire giants
  4 iron dragons
  12 nagarajas
  2 fenstrider witches (Swamp:3)
  10 frost giants
  A caustic shrike zombie (Depths:2)
  6 deep elf sorcerers
  A draconian scorcher (Depths:5)
  2 imperial myrmidons (Desolation)
  A frost giant (shapeshifter) (Vaults:5)
  Aizul (Snake:3)
  15 vault wardens
  2 ghouls (Swamp:2)
  Louise (Snake:3)
  An orc warlord (Orc:1)
  18 ironbound preservers
  6 deep elf elementalists
  7 quicksilver oozes
  4 draconian stormcallers (Depths:5)
  2 spriggan defenders
  28 stone giants
  33 very ugly things
  11 war gargoyles
  A green draconian (Depths:5)
  5 vampire knights
  3 entropy weavers
  An orange crystal statue (WizLab)
  Nessos (D:15)
  10 deep elf demonologists
  A red draconian (Volcano)
  A white draconian (Depths:5)
  2 black draconians
  2 deep elf annihilators
  4 dire elephants
  A purple draconian (Zot:1)
  A yellow draconian (Depths:5)
  A minotaur (Gauntlet)
  5 bunyips
  A spark wasp (shapeshifter) (Vaults:5)
  6 spark wasps
  5 deep elf death magi
  16 crystal guardians
  3 eleionomae
  5 deep elf high priests
  24 ettins
  A shambling mangrove (Swamp:4)
  9 fire dragons
  Josephine (D:10)
  8 ragged hierophants (Desolation)
  13 great orbs of eyes
  10 yaktaur captains
  7 rakshasas
  10 ice dragons
  31 vault guards
  17 peacekeepers
  Erolcha (D:9)
  7 ironbound thunderhulks
  10 naga warriors
  A hell beast (Depths:2)
  A monstrous demonspawn (Depths:3)
  An ogre mage (Vaults:5)
  5 servants of whispers (Desolation)
  28 hydras
  4 catoblepae
  5 boulder beetles
  2 ghost crabs
  12 ironbound frosthearts
  15 anacondas
  4 spriggan air magi
  12 deep troll shamans
  11 centaur warriors
  25 dancing weapons
  Erica (D:10)
  A death knight (D:12)
  6 death yaks (Lair:6)
  3 two-headed ogres
  3 spriggan berserkers (Depths:5)
  10 alligators
  A vampire mage (Vaults:3)
  18 deep troll earth magi
  7 tengu warriors
  A soul eater (Depths:3)
  12 naga sharpshooters
  A queen ant (Lair:4)
  6 ironbound beastmasters
  6 orc high priests (Orc:2)
  The ghost of p0werm0de the Fighter, a novice GrFi of Okawaru (D:8)
  14 deep elf knights
  6 shock serpents
  A salamander mystic (Snake:4)
  12 iron trolls
  8 unseen horrors
  72 deep trolls
  5 skeletal warriors (Depths:2)
  2 goliath frogs
  5 glowing orange brains
  3 sea snakes (Snake:2)
  A deep troll (shapeshifter) (D:15)
  An unseen horror (shapeshifter) (D:8)
  3 large abominations (Elf:1)
  14 bog bodies
  A spriggan druid (Swamp:2)
  An orc knight (Elf:1)
  5 flayed ghosts
  19 wizards
  21 ironbound convokers
  13 swamp dragons
  3 phantasmal warriors
  13 deep elf archers
  12 naga ritualists
  28 deep elf pyromancers
  6 necromancers
  25 deep elf zephyrmancers
  10 lindwurms
  2 will-o-the-wisps (Swamp:2)
  17 mana vipers
  2 fire giant zombies (Depths:3)
  5 shining eyes
  An oklob plant (Lair:3)
  8 salamanders
  A cyclops (shapeshifter) (D:8)
  3 orc sorcerers
  61 ugly things
  A frost giant zombie (Depths:3)
  7 cyclopes
  An iron dragon skeleton (Depths:2)
  A manticore (D:14)
  16 elephants
  The ghost of Nebesus the Slicer, a novice KoBe of Trog (D:5)
  8 guardian serpents
  A stone giant skeleton (Vaults:4)
  A frost giant skeleton (Depths:2)
  An eye of devastation (Slime:5)
  A guardian serpent (shapeshifter) (D:15)
  4 human skeletons (Vaults:4)
  A rust devil (Depths:1)
  50 black mambas
  20 vault sentinels
  2 cane toads (shapeshifter)
  Joseph (D:9)
  A black mamba (shapeshifter) (D:15)
  3 fire giant skeletons (Depths:2)
  3 gargoyles
  34 naga magi
  Maggie (D:6)
  12 cane toads
  3 ice statues (IceCv)
  A storm dragon simulacrum (Depths:2)
  A rime drake (Lair:4)
  5 spectral swamp worms (Depths:4)
  5 kobold demonologists
  2 efreet
  Psyche (D:9)
  18 yaktaurs
  7 komodo dragons
  A freezing wraith (D:12)
  A redback zombie (D:14)
  A tormentor (Depths:3)
  7 tengu conjurers
  A red devil (Depths:3)
  A queen bee (D:10)
  8 tyrant leeches
  11 trolls
  2 wandering mushrooms (Lair:3)
  2 human zombies (Vaults:4)
  A shadow dragon simulacrum (Depths:3)
  3 polar bears
  8 meliai
  3 hornets
  Grinder (D:3)
  A wind drake (shapeshifter) (D:15)
  60 saltlings
  105 slime creatures
  11 blink frogs
  4 dream sheep (Lair:5)
  A meliai zombie (D:12)
  Sigmund (D:6)
  2 redbacks (Vaults:1)
  2 shadows
  3 spriggans
  4 vampires
  A ynoxinul (Depths:3)
  An air elemental (Elf:3)
  11 wraiths
  4 fire elementals
  6 wyverns
  50 yaks
  2 water elementals
  6 basilisks
  7 fire bats (Volcano)
  6 golden eyes
  An elf simulacrum (Depths:2)
  A spriggan simulacrum (Depths:2)
  7 vampire mosquitoes (D:14)
  18 soldier ants
  11 swamp worms
  63 nagas
  4 wargs
  Menkaure (D:7)
  2 acid dragons
  25 water moccasins
  3 hell hounds
  Duvessa (D:5)
  4 swamp drakes
  12 ice beasts
  3 sky beasts
  18 orc warriors
  3 black bears
  A hornet zombie (D:13)
  11 ogres
  15 wolves
  19 centaurs
  4 phantoms
  5 elf zombies
  13 kobold brigands
  A gnoll sergeant (D:10)
  16 bullfrogs
  8 earth elementals
  A water moccasin zombie (D:5)
  A wyvern skeleton (D:14)
  Dowan (D:5)
  A hornet simulacrum (D:15)
  6 scorpions
  30 killer bees
  13 wights
  An electric eel (Lair:3)
  7 howler monkeys
  8 lava snakes
  5 bullfrog zombies
  10 hounds
  4 centaur zombies
  A bullfrog skeleton (D:12)
  A gnoll shaman (D:6)
  37 orc priests
  Crazy Yiuf (D:6)
  5 jellies
  4 centaur skeletons
  6 iguanas
  22 orc wizards
  29 worker ants
  4 hound zombies
  2 hound skeletons
  A howler monkey zombie (D:9)
  16 gnolls
  18 adders
  4 shadow imps
  19 white imps
  5 ufetubi
  An ooze (D:4)
  2 adder skeletons
  2 adder zombies (D:7)
  2 worms (D:2)
  A dart slug (D:2)
  3 leopard geckos
  111 orcs
  6 ball pythons
  7 bats
  2 giant cockroaches
  8 goblins
  6 hobgoblins
  13 jackals
  21 kobolds
  6 quokkas
  9 frilled lizards
  A leopard gecko skeleton (D:8)
  2 quokka skeletons
  2 quokka zombies
  7 rats
2408 creatures vanquished.

Vanquished Creatures (collateral kills)
  A peacekeeper (Vaults:3)
  A deep troll (Vaults:1)
  A tarantella (shapeshifter) (D:8)
  A neqoxec (D:8)
  A gnoll (D:7)
5 creatures vanquished.

Vanquished Creatures (others)
  A naga warrior (Snake:4)
  A naga sharpshooter (Snake:4)
  A deep elf knight (Elf:2)
  3 wizards
  A deep elf zephyrmancer (Elf:1)
  A deep elf pyromancer (Elf:3)
  2 naga magi
  4 bloated husks
  A hornet (shapeshifter) (Depths:4)
  A swamp drake (Swamp:4)
  3 white imps
  3 briar patches (Swamp:4)
  2 foxfires (Swamp:2)
  22 fungi
  48 plants
  3 toadstools (D:7)
97 creatures vanquished.

Grand Total: 2510 creatures vanquished

Notes
Turn   | Place    | Note
-------+----------+-------------------------------------------
     0 | D:1      | wakim the Gargoyle Venom Mage began the quest for the Orb.
     0 | D:1      | Reached XP level 1. HP: 10/10 MP: 3/3
     2 | D:1      | Noticed a draconian
     4 | D:1      | Noticed a minotaur
     4 | D:1      | Noticed a demigod
     6 | D:1      | Noticed a ghoul
     6 | D:1      | Noticed a naga
     8 | D:1      | Noticed a halfling
     8 | D:1      | Noticed a felid
    10 | D:1      | Noticed an elf
    10 | D:1      | Noticed a dwarf
    12 | D:1      | Noticed a demonspawn
    12 | D:1      | Noticed a troll
    16 | D:1      | Noticed a centaur
    16 | D:1      | Noticed an octopode
    18 | D:1      | Noticed a vine stalker
    18 | D:1      | Noticed a spriggan
    20 | D:1      | Noticed a gargoyle
    20 | D:1      | Noticed a tengu
    22 | D:1      | Noticed a human
    22 | D:1      | Noticed a formicid
    24 | D:1      | Noticed an ogre
    24 | D:1      | Noticed a merfolk
    26 | D:1      | Noticed a vampire
   409 | D:1      | Reached XP level 2. HP: 15/15 MP: 3/5
   961 | D:1      | Learned a level 2 spell: Poisonous Vapours
  1088 | D:2      | Reached XP level 3. HP: 19/19 MP: 3/6
  1487 | D:2      | Found a bloodstained altar of Trog.
  1531 | D:2      | Reached XP level 4. HP: 21/24 MP: 2/7
  2400 | D:3      | Reached skill level 1 in Maces & Flails
  2576 | D:3      | Reached skill level 5 in Poison Magic
  2576 | D:3      | Reached XP level 5. HP: 28/28 MP: 0/8
  2723 | D:3      | Noticed Grinder
  2723 | D:3      | Paralysed by Grinder for 4 turns
  2739 | D:3      | Paralysed by Grinder for 2 turns
  2917 | D:3      | Killed Grinder
  2918 | D:3      | Reached XP level 6. HP: 26/32 MP: 9/9
  2923 | D:3      | Learned a level 4 spell: Olgreb's Toxic Radiance
  3227 | D:4      | Reached XP level 7. HP: 23/36 MP: 2/11
  3520 | D:4      | Found a shadowy altar of Dithmenos.
  3591 | D:4      | Reached skill level 5 in Stealth
  3757 | D:4      | Found a glowing silver altar of Zin.
  3889 | D:4      | Found a stormy altar of Qazlal.
  3889 | D:4      | Found a broken altar of Ashenzari.
  3894 | D:4      | Learned a level 3 spell: Ignite Poison
  4035 | D:4      | Found a sparkling altar of Nemelex Xobeh.
  4052 | D:4      | Reached skill level 1 in Fighting
  4123 | D:5      | Entered Level 5 of the Dungeon
  4156 | D:5      | Found a transporter.
  4165 | D:5      | Identified the +1 robe of Gozag's Favour {rPois Str+3
                  | Slay+3 Stlth-}
  4196 | D:5      | Found a transporter.
  4196 | D:5      | Noticed Nebesus's ghost (novice KoBe)
  4238 | D:5      | Reached skill level 1 in Armour
  4269 | D:5      | Found an iron altar of Okawaru.
  4324 | D:5      | Reached XP level 8. HP: 44/44 MP: 12/12
  4328 | D:5      | Found an ornate altar of the Wu Jian Council.
  4465 | D:5      | Noticed Dowan
  4467 | D:5      | Noticed Duvessa
  4472 | D:5      | Killed Dowan
  4477 | D:5      | Killed Duvessa
  4697 | D:5      | Found Jaghus's Magic Scroll Boutique.
  5168 | D:6      | Noticed Maggie
  5173 | D:6      | Killed Maggie
  5174 | D:6      | Reached skill level 5 in Maces & Flails
  5174 | D:6      | Reached XP level 9. HP: 49/52 MP: 0/13
  5386 | D:6      | Reached skill level 1 in Transmutations
  5462 | D:6      | Reached skill level 1 in Fire Magic
  5564 | D:6      | Found a runed translucent door.
  5565 | D:6      | Noticed Crazy Yiuf
  5586 | D:6      | Killed Crazy Yiuf
  5645 | D:6      | Found a staircase to the Ecumenical Temple.
  5760 | D:6      | Noticed Sigmund
  5766 | D:6      | Killed Sigmund
  5888 | Temple   | Entered the Ecumenical Temple
  5900 | Temple   | Became a worshipper of Makhleb the Destroyer
  6696 | D:7      | Found a sacrificial altar of Ru.
  6755 | D:7      | Found a snail-covered altar of Cheibriados.
  6769 | D:7      | Noticed Menkaure
  6776 | D:7      | Killed Menkaure
  6878 | D:7      | Reached skill level 1 in Shields
  7035 | D:7      | Reached skill level 2 in Shields
  7035 | D:7      | Reached XP level 10. HP: 56/57 MP: 14/14
  7042 | D:7      | Reached * piety under Makhleb
  7278 | D:8      | Found a glowing golden altar of the Shining One.
  7368 | D:8      | Identified the +0 ring mail "Vasm" {rF- MP+9 Dex+2}
  7444 | D:8      | Noticed a two-headed ogre
  7455 | D:8      | Killed a two-headed ogre
  7456 | D:8      | Reached skill level 3 in Shields
  7852 | D:8      | Reached skill level 5 in Fighting
  7852 | D:8      | Reached skill level 4 in Shields
  7996 | D:8      | Found a runed translucent gate.
  7996 | D:8      | Found a runed translucent gate.
  7996 | D:8      | Found a runed translucent gate.
  7996 | D:8      | Noticed a white ugly thing
  7997 | D:8      | Noticed a red ugly thing
  7997 | D:8      | Noticed a purple ugly thing
  8141 | D:8      | Found a shimmering blue altar of Sif Muna.
  8577 | D:9      | Reached ** piety under Makhleb
  8898 | D:9      | Found a staircase to the Orcish Mines.
  9014 | D:9      | Found Ymautiu's Assorted Antiques.
  9062 | D:9      | Noticed Psyche
  9070 | D:9      | Killed Psyche
  9071 | D:9      | Reached skill level 5 in Armour
  9071 | D:9      | Reached skill level 5 in Shields
  9206 | D:9      | Noticed a kobold demonologist
  9208 | D:9      | Noticed a kobold demonologist
  9215 | D:9      | Noticed a sun demon
  9215 | D:9      | Killed a kobold demonologist
  9216 | D:9      | Reached skill level 5 in Dodging
  9219 | D:9      | Killed a kobold demonologist
  9321 | D:9      | Reached XP level 11. HP: 64/64 MP: 15/15
  9361 | D:9      | Reached *** piety under Makhleb
  9389 | D:9      | Noticed Erolcha
  9390 | D:9      | Noticed Joseph
  9454 | D:9      | Killed Joseph
  9477 | D:9      | Killed Erolcha
  9601 | D:9      | Noticed a two-headed ogre
  9612 | D:9      | Killed a two-headed ogre
  9953 | D:10     | Entered Level 10 of the Dungeon
 10156 | D:10     | Killed an unseen horror
 10252 | D:10     | Noticed Josephine
 10266 | D:10     | Killed Josephine
 10297 | D:10     | Reached skill level 6 in Shields
 10497 | D:10     | Reached **** piety under Makhleb
 10567 | D:10     | Noticed a cyclops
 10681 | D:10     | Killed a cyclops
 10840 | D:10     | Noticed Erica
 10856 | D:10     | Killed Erica
 10857 | D:10     | Reached skill level 10 in Maces & Flails
 10857 | D:10     | Reached skill level 7 in Shields
 10857 | D:10     | Reached XP level 12. HP: 56/70 MP: 6/16
 11601 | D:11     | Reached skill level 1 in Invocations
 11684 | D:11     | Found a staircase to the Lair.
 11724 | D:11     | Reached skill level 8 in Shields
 11771 | D:11     | Found a frozen archway.
 11785 | D:11     | Reached ***** piety under Makhleb
 11822 | IceCv    | Entered an ice cave
 12538 | D:11     | Reached skill level 5 in Invocations
 13575 | Orc:1    | Entered Level 1 of the Orcish Mines
 13591 | Orc:1    | Found a dark tunnel.
 13619 | Volcano  | Entered a volcano
 13822 | Volcano  | Reached XP level 13. HP: 74/74 MP: 9/20
 13941 | Volcano  | Noticed a red draconian
 13942 | Volcano  | Found a radiant altar of Vehumet.
 13974 | Volcano  | Killed a red draconian
 13979 | Volcano  | Reached skill level 5 in Fire Magic
 14275 | Volcano  | Reached skill level 5 in Spellcasting
 14939 | Orc:2    | Entered Level 2 of the Orcish Mines
 14950 | Orc:2    | Noticed an orc warlord
 14975 | Orc:1    | Killed an orc warlord
 15623 | Orc:2    | Found a staircase to the Elven Halls.
 15868 | Orc:1    | Found an iron altar of Okawaru.
 16067 | Orc:2    | Paralysed by an orc sorcerer for 3 turns
 16077 | Orc:2    | Paralysed by an orc sorcerer for 6 turns
 16196 | Orc:2    | Reached skill level 5 in Transmutations
 16264 | Orc:2    | Found Ostyn's Antique Armour Shop.
 16264 | Orc:2    | Found Vesim's Distillery.
 16370 | Orc:2    | Reached ****** piety under Makhleb
 16475 | Orc:2    | Reached skill level 10 in Poison Magic
 16753 | Orc:2    | Found Doow's Weapon Shoppe.
 16753 | Orc:2    | Found Nociufadix's Magic Scroll Shop.
 17346 | Lair:1   | Entered Level 1 of the Lair of Beasts
 17775 | Lair:1   | Identified the +2 rapier of Giomn {elec, Dex+9}
 18347 | Lair:2   | Found a staircase to the Snake Pit.
 19151 | Lair:3   | Gained mutation: Your large and strong wings let you fly
                  | indefinitely. [Gargoyle growth]
 19151 | Lair:3   | Reached XP level 14. HP: 80/80 MP: 18/21
 19481 | Lair:3   | Noticed Rupert
 19518 | Lair:3   | Killed Rupert
 20073 | Lair:3   | Found a staircase to the Swamp.
 20372 | Lair:4   | Found a gate leading to a gauntlet.
 20473 | Gauntlet | Entered a Gauntlet
 20473 | Gauntlet | Found a transporter.
 20480 | Gauntlet | Found a runed translucent door.
 20482 | Gauntlet | Found a transporter.
 20484 | Gauntlet | Found a runed translucent door.
 20494 | Gauntlet | Found a transporter.
 20495 | Gauntlet | Found the +3 pair of gauntlets of War {Slay+5}
 20498 | Gauntlet | Found a transporter.
 20510 | Gauntlet | Found a transporter.
 20528 | Gauntlet | Found a transporter.
 20542 | Gauntlet | Found a transporter.
 20546 | Gauntlet | Found a transporter.
 20547 | Gauntlet | Found a transporter.
 20547 | Gauntlet | Found a transporter.
 20547 | Gauntlet | Found a transporter.
 20548 | Gauntlet | Found the +0 pair of fencer's gloves {Riposte Dex+3}
 20555 | Gauntlet | Found a transporter.
 20932 | Gauntlet | Identified the ring "Yshasul" {rElec AC+4 SInv}
 20952 | Gauntlet | Identified the Guide on Venom and the Frostbite
 20952 | Gauntlet | Identified the +7 shortbow "Urekh" {flame, +Fly rPois Dex-2
                  | Stlth+}
 21012 | Lair:4   | Learned a level 5 spell: Alistair's Intoxication
 21128 | Lair:4   | Identified the +2 helmet "Dileol" {rElec Will+}
 21275 | Lair:4   | Noticed an entropy weaver
 21275 | Lair:4   | Noticed an entropy weaver
 21317 | Lair:4   | Killed an entropy weaver
 21318 | Lair:4   | Reached skill level 9 in Shields
 21456 | Lair:4   | Killed an entropy weaver
 21802 | D:5      | Bought a scroll of enchant weapon for 90 gold pieces
 21802 | D:5      | Bought a scroll of enchant weapon for 90 gold pieces
 21802 | D:5      | Bought a scroll of enchant weapon for 90 gold pieces
 21802 | D:5      | Bought a scroll of teleportation for 36 gold pieces
 21802 | D:5      | Bought a scroll of teleportation for 36 gold pieces
 21802 | D:5      | Bought a scroll of identify for 24 gold pieces
 21802 | D:5      | Bought a scroll of identify for 24 gold pieces
 21802 | D:5      | Bought a scroll of identify for 24 gold pieces
 22826 | Lair:5   | Reached XP level 15. HP: 86/86 MP: 22/22
 23062 | Lair:5   | Found the +6 shillelagh "Devastator" {shatter}
 23595 | Lair:5   | Found a staircase to the Slime Pits.
 23669 | Lair:6   | Entered Level 6 of the Lair of Beasts
 23700 | Lair:6   | Reached skill level 10 in Shields
 24674 | Lair:6   | Identified the Grimoire of Blistering Toxins
 25131 | D:12     | Reached skill level 11 in Shields
 25234 | D:12     | Identified the +2 plate armour of Untold Secrets {Str+5
                  | Int+3}
 25244 | D:12     | Identified the +2 scale mail of Vugy {Int+2 Dex+5}
 25245 | D:12     | Identified the +7 dire flail of Governance {freeze, rPois}
 25280 | D:12     | Reached XP level 16. HP: 93/93 MP: 19/23
 25308 | D:12     | Identified the +6 halberd "Jepintym" {vorpal, Int+2 Dex+4
                  | Stlth+}
 25335 | D:12     | Identified the Grimoire of Flamy Malediction
 25335 | D:12     | Identified the ring of Megalomania {*Corrode rElec rPois
                  | Dex+3}
 26643 | D:13     | Reached skill level 10 in Invocations
 26928 | D:14     | Reached skill level 12 in Shields
 26973 | D:14     | Found a gate to the Vaults.
 27194 | D:14     | Found a portal to a secret trove of treasure.
 27883 | D:15     | Entered Level 15 of the Dungeon
 28316 | D:15     | Identified Roxanne's Reference Book on the Mountains
 28316 | D:15     | Noticed Roxanne
 28397 | D:15     | Found a staircase to the Depths.
 28774 | D:15     | Noticed Nessos
 28783 | D:15     | Killed Nessos
 28915 | D:15     | Reached skill level 10 in Armour
 29288 | D:15     | Killed Roxanne
 29289 | D:15     | Reached XP level 17. HP: 100/100 MP: 24/24
 29541 | Swamp:1  | Entered Level 1 of the Swamp
 29792 | D:5      | Killed Nebesus's ghost
 30116 | D:8      | Found a runed translucent gate.
 30116 | D:8      | Found a runed translucent gate.
 30119 | D:8      | Found a runed translucent gate.
 30126 | D:8      | Noticed p0werm0de's ghost (novice GrFi)
 30139 | D:8      | Gained mutation: Your body sometimes deteriorates upon
                  | taking damage. [a neqoxec]
 30156 | D:8      | Killed p0werm0de's ghost
 30188 | D:8      | Reached skill level 13 in Shields
 30188 | D:8      | Reached XP level 18. HP: 107/107 MP: 24/26
 30189 | D:8      | Reached skill level 10 in Fighting
 30189 | D:8      | Reached XP level 19. HP: 112/112 MP: 24/27
 30581 | Swamp:1  | Found a hide-covered altar of Uskayaw.
 31465 | Swamp:3  | Reached skill level 14 in Shields
 32077 | Swamp:4  | Entered Level 4 of the Swamp
 32148 | Swamp:4  | Identified a scroll of acquirement
 32315 | Swamp:4  | Identified the +2 leather armour of Kieczige {rC- rN+++
                  | Will++}
 32358 | Swamp:4  | Identified the +2 robe "Wostringe" {rC++ MP+9 Dex-4}
 32706 | Swamp:4  | Got a decaying rune of Zot
 33083 | Snake:1  | Entered Level 1 of the Snake Pit
 33121 | Snake:1  | Reached skill level 15 in Shields
 33297 | Snake:1  | Reached XP level 20. HP: 120/120 MP: 29/29
 33393 | Snake:1  | Found a runed translucent gate.
 33393 | Snake:1  | Found a runed translucent gate.
 33393 | Snake:1  | Found a runed translucent gate.
 34563 | Snake:2  | Found Imuan's Assorted Antiques.
 34563 | Snake:2  | Found Buutizor's Antique Weapon Boutique.
 34564 | Snake:2  | Found Honouzen's Antique Weapon Boutique.
 34579 | Snake:2  | Found Luevoy's Armour Shop.
 34594 | Snake:2  | Bought a potion of heal wounds for 155 gold pieces
 34598 | Snake:2  | Bought a +0 tower shield for 90 gold pieces
 34748 | Snake:2  | Noticed Nikola
 34769 | Snake:2  | Killed Nikola
 34913 | Snake:2  | Noticed Vashnia
 34988 | Snake:2  | Killed Vashnia
 36067 | Snake:3  | Noticed Louise
 36138 | Snake:3  | Killed Louise
 36215 | Snake:3  | Noticed Aizul
 36232 | Snake:3  | Killed Aizul
 36940 | Snake:4  | Entered Level 4 of the Snake Pit
 37124 | Snake:4  | Reached XP level 21. HP: 128/128 MP: 31/31
 37166 | Snake:4  | Found a radiant altar of Vehumet.
 37647 | Snake:4  | Reached skill level 16 in Shields
 37896 | Snake:4  | Got a serpentine rune of Zot
 39421 | Orc:2    | Lost mutation: Your body sometimes deteriorates upon taking
                  | damage. [potion of mutation]
 39421 | Orc:2    | Gained mutation: Your spells are a little easier to cast,
                  | but a little less powerful. [potion of mutation]
 39421 | Orc:2    | Gained mutation: Your magical capacity is low. (-10% MP)
                  | [potion of mutation]
 39421 | Orc:2    | Gained mutation: You expend magic power (3 MP) to
                  | strengthen your wands. [potion of mutation]
 39428 | Elf:1    | Entered Level 1 of the Elven Halls
 39476 | Elf:1    | Found a ruined gateway.
 39492 | Desolati | Entered the Desolation of Salt
 39902 | Desolati | Reached skill level 10 in Dodging
 40249 | Desolati | Identified the +6 chain mail "Huures" {Str+3}
 40612 | Desolati | Identified the ring "Wybb" {+Fly Dex+2}
 40623 | Desolati | Identified the Tome of Conjuration
 40887 | Desolati | Identified the ring "Zella" {rPois rN+ Dex+4}
 40890 | Desolati | Identified the +7 quarterstaff of the Sun {chaos, *Slow
                  | Str+4 Dex+2}
 40897 | Desolati | Identified the ring "Foqywkup" {rPois Dex+4}
 40898 | Desolati | Identified the ring of Miracles {rPois rF+ rC+ Will+ Int+3}
 41074 | Elf:1    | Reached XP level 22. HP: 137/137 MP: 13/31
 41173 | Elf:1    | Found a runed translucent gate.
 41173 | Elf:1    | Found a runed translucent gate.
 41173 | Elf:1    | Found a runed translucent gate.
 41173 | Elf:1    | Found a runed translucent gate.
 41173 | Elf:1    | Found a runed translucent gate.
 41175 | Elf:1    | Found a runed translucent gate.
 41450 | Elf:1    | Found an ancient bone altar of Kikubaaqudgha.
 41729 | Elf:1    | Reached skill level 1 in Throwing
 41840 | Elf:1    | Reached skill level 17 in Shields
 41855 | Elf:1    | Identified the Incunabulum of Sinister Rituals
 42329 | D:14     | You paid a toll of 2 scrolls of acquirement to enter a
                  | treasure trove
 42330 | Trove    | Entered a treasure trove
 42343 | Trove    | Identified the ring of Harmony {rN+ Str+5}
 42350 | Trove    | Identified the ring of Descent {Will+ Str+8 Dex-5 Slay+4}
 42758 | Elf:2    | Found Kyr Mel's Antique Weapon Boutique.
 42791 | Elf:2    | Found Yletiar's Assorted Antiques.
 42852 | Elf:2    | Found Kisehac's Antique Armour Shoppe.
 42871 | Elf:2    | Bought a glowing cloak for 187 gold pieces
 42922 | Elf:2    | Found Zel Dum's Magic Scroll Boutique.
 42959 | Elf:2    | Bought a scroll of teleportation for 42 gold pieces
 42959 | Elf:2    | Bought a scroll of blinking for 105 gold pieces
 42959 | Elf:2    | Bought a scroll of enchant weapon for 105 gold pieces
 42959 | Elf:2    | Bought a scroll of summoning for 133 gold pieces
 43017 | Elf:2    | Acquired 634 gold pieces
 43258 | Elf:2    | Found a runed translucent gate.
 43259 | Elf:2    | Found a runed translucent gate.
 43264 | Elf:2    | Found a runed translucent gate.
 43933 | Elf:3    | Entered Level 3 of the Elven Halls
 44358 | Elf:3    | Gained mutation: You occasionally shout uncontrollably at
                  | your foes. [a cacodemon]
 44802 | Elf:3    | Reached XP level 23. HP: 141/142 MP: 12/32
 45028 | Elf:3    | Identified the +6 whip of Sunlight {flame, Int+2}
 45029 | Elf:3    | Identified the +1 war axe of Intimidation {venom, rPois
                  | Int+2}
 45042 | Elf:3    | Identified the +2 hunting sling "Sycaamy" {flame, rElec
                  | Int+4}
 45135 | Elf:3    | Reached skill level 15 in Invocations
 45152 | Elf:3    | Reached skill level 15 in Armour
 45830 | Vaults:1 | Entered Level 1 of the Vaults
 46838 | Vaults:1 | Reached skill level 18 in Shields
 47439 | Vaults:2 | Reached skill level 15 in Maces & Flails
 48003 | Vaults:2 | Identified the +1 robe of the Depths {Int+7}
 49113 | Vaults:2 | Identified the +7 triple crossbow "Lasoded" {vorpal, +Fly
                  | rElec Str-5 Int+6}
 49597 | Vaults:3 | Reached XP level 24. HP: 54/148 MP: 32/32
 50269 | Elf:2    | Bought a scroll of teleportation for 42 gold pieces
 50269 | Elf:2    | Bought a scroll of teleportation for 42 gold pieces
 50897 | Vaults:3 | Found a staircase to the Crypt.
 51381 | Vaults:3 | Identified the +3 flail "Ogreslayer" {vamp, rElec}
 51861 | Vaults:4 | Identified the +5 great sword "Doce" {spect, rN+}
 52058 | Vaults:4 | Reached skill level 19 in Shields
 52392 | Vaults:4 | Reached skill level 10 in Spellcasting
 53479 | Vaults:5 | Entered Level 5 of the Vaults
 54317 | Vaults:5 | Reached XP level 25. HP: 148/152 MP: 27/33
 54814 | Vaults:5 | Reached skill level 20 in Shields
 54851 | Vaults:5 | Found Leenery's Distillery.
 54856 | Vaults:5 | Bought a potion of experience for 1200 gold pieces
 54856 | Vaults:5 | Bought 2 potions of haste for 480 gold pieces
 54856 | Vaults:5 | Bought a potion of cancellation for 192 gold pieces
 54856 | Vaults:5 | Bought a potion of heal wounds for 120 gold pieces
 54856 | Vaults:5 | Bought a potion of resistance for 240 gold pieces
 54856 | Vaults:5 | Bought a potion of might for 96 gold pieces
 54856 | Vaults:5 | Bought a potion of haste for 240 gold pieces
 54858 | Vaults:5 | Reached XP level 26. HP: 159/159 MP: 34/34
 55243 | Vaults:5 | Found Jymuq's Magic Scroll Shoppe.
 55260 | Vaults:5 | Bought a scroll of magic mapping for 45 gold pieces
 55260 | Vaults:5 | Bought a scroll of magic mapping for 45 gold pieces
 55271 | Vaults:5 | Identified the +3 pair of gloves of the Mantidfly {Slay+3}
 55618 | Vaults:5 | Found Xuska's Distillery.
 55637 | Vaults:5 | Found Ruosuozy's Distillery.
 55663 | Vaults:5 | Bought 2 potions of haste for 300 gold pieces
 55663 | Vaults:5 | Bought a potion of invisibility for 120 gold pieces
 55865 | Vaults:5 | Reached skill level 15 in Fighting
 55943 | Vaults:5 | Reached XP level 27. HP: 165/165 MP: 35/35
 55977 | Vaults:5 | Found Tupt's Jewellery Shoppe.
 55977 | Vaults:5 | Found Qene's Jewellery Boutique.
 56102 | Vaults:5 | Got a silver rune of Zot
 56279 | Vaults:5 | Upgraded the game from 0.27-a0-631-g2d681adce0 to
                  | 0.27-a0-637-g3a9f0a9c12
 56523 | Depths:1 | Entered Level 1 of the Depths
 57155 | Depths:1 | You fall into a shaft and drop 1 floor!
 57440 | Depths:2 | Reached skill level 5 in Throwing
 57519 | Depths:2 | Found a one-way gate to the infinite horrors of the Abyss.
 57662 | Depths:1 | Found Visujof's Assorted Antiques.
 57731 | Depths:1 | Found a gateway to Hell.
 58700 | Depths:2 | Identified an amulet "Vahem" {Reflect rPois rC+ SH+5}
 59102 | Depths:2 | Noticed Sojobo
 59186 | Depths:2 | Killed Sojobo
 59330 | Depths:2 | Identified the Almanac of Moulding
 59494 | Depths:3 | Found a magical portal.
 59499 | WizLab   | Entered Wucad Mu's Monastery
 59872 | WizLab   | Found the +9 staff of Wucad Mu {*channel}
 60014 | WizLab   | Reached skill level 21 in Shields
 60612 | Depths:3 | Noticed a juggernaut
 60651 | Depths:3 | Killed a juggernaut
 60652 | Depths:3 | Reached skill level 10 in Transmutations
 60652 | Depths:3 | Reached skill level 10 in Fire Magic
 61049 | Depths:3 | Found a gateway to a ziggurat.
 61228 | Depths:3 | Found a one-way gate leading to the halls of Pandemonium.
 61352 | Depths:3 | Found a radiant altar of Vehumet.
 61487 | Depths:4 | Reached skill level 22 in Shields
 61886 | Depths:4 | Identified the ring "Dowoiq" {Str+6 Dex+2}
 62053 | Depths:4 | Found Xeoc's Armour Emporium.
 62057 | Depths:4 | Found Nang's Assorted Antiques.
 62058 | Depths:4 | Found Lisan's Assorted Antiques.
 62058 | Depths:4 | Found Afeninta's Weapon Emporium.
 62064 | Depths:4 | Bought a scroll of acquirement for 1352 gold pieces
 62064 | Depths:4 | Bought 2 potions of might for 208 gold pieces
 62064 | Depths:4 | Bought a potion of haste for 260 gold pieces
 62064 | Depths:4 | Acquired 904 gold pieces
 62806 | Depths:4 | Reached skill level 23 in Shields
 62810 | Depths:5 | Entered Level 5 of the Depths
 63420 | Depths:5 | Found a gate to the Realm of Zot.
 64127 | Slime:1  | Entered Level 1 of the Pits of Slime
 64234 | Slime:1  | Gained mutation: Your magical capacity is very low. (-20%
                  | MP) [a shining eye]
 64237 | Slime:1  | Gained mutation: Armour fits poorly on your strangely
                  | shaped body. [a shining eye]
 64242 | Lair:5   | Lost mutation: You expend magic power (3 MP) to strengthen
                  | your wands. [potion of mutation]
 64242 | Lair:5   | Lost mutation: Armour fits poorly on your strangely shaped
                  | body. [potion of mutation]
 64242 | Lair:5   | Gained mutation: Your muscles are strong. (Str +2) [potion
                  | of mutation]
 64242 | Lair:5   | Gained mutation: Your skin changes colour to match your
                  | surroundings (Stealth+). [potion of mutation]
 64645 | Slime:1  | Gained mutation: Your body sometimes deteriorates upon
                  | taking damage. [a shining eye]
 64646 | Slime:1  | Gained mutation: Scrolls take you a little longer to read.
                  | [a shining eye]
 64652 | Slime:1  | Gained mutation: Your magical capacity is extremely low.
                  | (-30% MP) [a shining eye]
 64654 | Slime:1  | Lost mutation: Your body sometimes deteriorates upon taking
                  | damage. [potion of mutation]
 64654 | Slime:1  | Lost mutation: Your spells are a little easier to cast, but
                  | a little less powerful. [potion of mutation]
 64654 | Slime:1  | Gained mutation: You are partially covered in thin metallic
                  | scales. (AC +2) [potion of mutation]
 64654 | Slime:1  | Gained mutation: You possess an exceptional clarity of
                  | mind. [potion of mutation]
 64654 | Slime:1  | Gained mutation: You have a pair of small horns on your
                  | head. [potion of mutation]
 64749 | Slime:1  | Lost mutation: You are partially covered in thin metallic
                  | scales. (AC +2) [potion of mutation]
 64749 | Slime:1  | Lost mutation: You have a pair of small horns on your head.
                  | [potion of mutation]
 64749 | Slime:1  | Lost mutation: You possess an exceptional clarity of mind.
                  | [potion of mutation]
 64749 | Slime:1  | Gained mutation: You expend magic power (3 MP) to
                  | strengthen your wands. [potion of mutation]
 64750 | Slime:1  | Lost mutation: Your magical capacity is extremely low.
                  | (-30% MP) [potion of mutation]
 64750 | Slime:1  | Lost mutation: You occasionally shout uncontrollably at
                  | your foes. [potion of mutation]
 64750 | Slime:1  | Gained mutation: Potions are less effective at restoring
                  | your health. [potion of mutation]
 64750 | Slime:1  | Gained mutation: You are partially covered in yellow
                  | scales. (AC +2) [potion of mutation]
 64751 | Slime:1  | Lost mutation: Your magical capacity is very low. (-20% MP)
                  | [potion of mutation]
 64751 | Slime:1  | Lost mutation: Scrolls take you a little longer to read.
                  | [potion of mutation]
 64751 | Slime:1  | Gained mutation: You are frail. (-10% HP) [potion of
                  | mutation]
 64751 | Slime:1  | Lost mutation: Your muscles are strong. (Str +2) [potion of
                  | mutation]
 64751 | Slime:1  | Gained mutation: You passively map a small area around you.
                  | [potion of mutation]
 64824 | Slime:2  | Noticed Dissolution
 64856 | Slime:1  | Lost mutation: You are frail. (-10% HP) [potion of
                  | mutation]
 64856 | Slime:1  | Lost mutation: Your magical capacity is low. (-10% MP)
                  | [potion of mutation]
 64856 | Slime:1  | Gained mutation: You have a pair of small horns on your
                  | head. [potion of mutation]
 64856 | Slime:1  | Gained mutation: Your spells are a little easier to cast,
                  | but a little less powerful. [potion of mutation]
 64856 | Slime:1  | Gained mutation: You are partially covered in icy blue
                  | scales. (AC +2) [potion of mutation]
 64878 | Slime:2  | Paralysed by a floating eye for 2 turns
 64901 | Slime:1  | Gained mutation: Your magical capacity is low. (-10% MP) [a
                  | shining eye]
 64904 | Slime:1  | Killed Dissolution
 64905 | Slime:1  | Reached skill level 24 in Shields
 66416 | Slime:5  | Entered Level 5 of the Pits of Slime
 66606 | Slime:5  | Noticed the Royal Jelly
 66614 | Slime:5  | Found a viscous altar of Jiyva.
 66638 | Slime:5  | Killed the Royal Jelly
 66645 | Slime:5  | Reached skill level 25 in Shields
 66708 | Slime:5  | Got a slimy rune of Zot
 67634 | Zot:1    | Entered Level 1 of the Realm of Zot
 67693 | Zot:1    | HP: 3/184 [storm dragon (17)]
 67693 | Zot:1    | Slain by a storm dragon

Illustrated notes

Levels and vault maps discovered:
D:1:      kb_arrival_jail, layout_rooms
D:2:      layout_rooms, overflow_temple_1_default
D:3:      layout_loops_corners, uniq_grinder
D:4:      layout_basic, old_standard_altar, zin_scriptorium,
          gammafunk_temple_overflow_forgotten
D:5:      layout_basic, lemuel_doored_altar, nicolae_overflow_hidden_temple,
          gammafunk_ghost_arena, serial_shops, kennysheep_little_box,
          uniq_duvessa
D:6:      layout_basic, minmay_temple_entry_tees, uniq_maggie,
          uniq_crazy_yiuf_cottage, uniq_sigmund
D:7:      layout_rooms, nicolae_overflow_crystal_walls, old_standard_altar,
          hangedman_abyss_or_decor_slice, minmay_gold_behind_fungi,
          minmay_misc_feat_five, uniq_menkaure
D:8:      kennysheep_blocky_hall, layout_loops_ring,
          ploomutoo_gammafunk_ghost_potion_laboratory, basic_altar,
          david_defended_altar_elf
D:9:      layout_loops_cross, erik_orc_1, serial_shops,
          nicolae_shop_statue_plus, uniq_joseph, uniq_psyche, uniq_erolcha
D:10:     layout_gridville, nicolae_looking_at_the_future, uniq_josephine,
          uniq_erica
D:11:     layout_cave_pools, david_lair_generic, portal_ice_cave_entry_imps,
          special_room [special_room_kobold], grunt_ministairs_11, minivault_23
D:12:     minmay_the_grid_square_5x5_5x5_mashed
          [minmay_the_grid_square_5x5_three, minmay_the_grid_square_5x5_bridge,
          minmay_the_grid_square_5x5_checkered_sparse,
          minmay_the_grid_square_5x5_minibox, minmay_the_grid_square_5x5_n,
          minmay_the_grid_square_5x5_eight,
          minmay_the_grid_square_5x5_prize_pseudospiral,
          minmay_the_grid_square_5x5_tetrominoes,
          minmay_the_grid_square_5x5_prize_waves,
          minmay_the_grid_square_5x5_n_small,
          minmay_the_grid_square_5x5_shrine2,
          minmay_the_grid_square_5x5_longway,
          minmay_the_grid_square_5x5_prize_junk,
          minmay_the_grid_square_5x5_six_small,
          minmay_the_grid_square_5x5_moneybag,
          minmay_the_grid_square_5x5_misaligned,
          minmay_the_grid_square_5x5_prize_deathbox,
          minmay_the_grid_square_5x5_three_small,
          minmay_the_grid_square_5x5_prize_snowflake,
          minmay_the_grid_square_5x5_empty, minmay_the_grid_square_5x5_bite,
          minmay_the_grid_square_5x5_two, minmay_the_grid_square_5x5_comb,
          minmay_the_grid_square_5x5_inner_v, minmay_the_grid_square_5x5_seven],
          layout_cave_pools
D:13:     layout_irregular_city
D:14:     layout_stronghold, david_vaults_4, nicolae_trove_entry_free_sample
D:15:     grunt_enter_depths_snipers, layout_loops_ring, nrook_uturn,
          uniq_nessos, uniq_roxanne
Temple:   chequers_temple_sunken
Lair:1:   layout_cave_pods, chequers_serial_rivers_marsh
Lair:2:   layout_regular_city, minmay_snake_entry_six_corridors, st_stairs_6,
          minivault_27
Lair:3:   dpeg_oklob_gauntlet, layout_gridlike,
          nicolae_swamp_entry_splash_gauntlet, serial_bayou_shore_a,
          infiniplex_staircase_pool_2, uniq_rupert
Lair:4:   layout_long_grid, gauntlet_entry_generic, lookout_lair_type,
          zaba_antful_of_joy
Lair:5:   layout_layer_cave, dpeg_slime_entry_corner, grunt_megastairs_3,
          serial_bayou_shore_b
Lair:6:   grunt_lair_end_beastmaster, layout_regular_city,
          infiniplex_staircase_pool
Swamp:1:  nicolae_swamp_tree_isthmus, layout_falls_marsh, basic_altar
Swamp:2:  layout_falls_marsh, evilmike_swamp_ruin_house_6
Swamp:3:  layout_basic_swamp, evilmike_swamp_ruin_house_1
Swamp:4:  swamp_basic_johnstein, layout_basic_swamp
Snake:1:  layout_honeycomb, drop_trap, nicolae_snake_horde_hoard
Snake:2:  layout_chambers, nicolae_snake_springs, lemuel_fruit_tree,
          minmay_shoptagon, uniq_nikola, uniq_vashnia
Snake:3:  layout_misc_corridors, uniq_aizul, uniq_louise
Snake:4:  snake_pit, layout_basic, basic_altar
Slime:1:  nicolae_slime_pool, layout_caves
Slime:2:  layout_caves, uniq_dissolution
Slime:3:  layout_caves
Slime:4:  layout_caves
Slime:5
Orc:1:    layout_caves, enter_volcano_2, okawaru_metal_pillars_3
Orc:2:    st_orc_town, layout_diamond_mine
Elf:1:    layout_loops_cross, portal_desolation_entry_nicolae_nacl, basic_altar,
          orc_legates, minmay_elf_necromancy
Elf:2:    layout_onion_city, serial_shops, nicolae_shop_waterfront,
          nicolae_shop_crystal, nicolae_shop_crystal, shop,
          hangedman_elven_ridges
Elf:3:    elf_hall_gauntlet_narrow, layout_gridlike, hangedman_glass_teeth
Vaults:1: vaults_dpeg_spiral, ontoclasm_vaults_hangar,
          nicolae_vaults_little_squares_6, ontoclasm_vaults_bender,
          ontoclasm_vaults_pinch, hangedman_vaults_slither,
          ontoclasm_vaults_hangar, ontoclasm_vaults_ligature,
          nicolae_vaults_little_squares_1, grunt_vaults_hallway_short,
          serial_ice_b, vaults_room_grunt_arrival_ludios,
          nicolae_vaults_little_squares_6, layout_vaults_big_room
Vaults:2: ontoclasm_vaults_shuriken, hangedman_vaults_nodes, v_misc_5,
          ontoclasm_vaults_spin, nicolae_vaults_little_squares_4,
          nicolae_vaults_windows_and_doors_thing, vaults_mumra_minichess,
          vaults_dpeg_ring, nicolae_vaults_big_angled_halls,
          nicolae_vaults_yaktaur_gun_rack, vaults_room_hangedman_quadrants,
          vaults_mumra_lcd, nicolae_vaults_specimen_jars,
          hangedman_vaults_impose, ontoclasm_vaults_hangar,
          ontoclasm_vaults_decontamination, layout_vaults_omnicross
Vaults:3: minmay_crypt_entry_vampire_xt, nicolae_vaults_network_barrier,
          vaults_room_fancy_cross, hangedman_vaults_snaps,
          nicolae_vaults_three_branches, nicolae_vaults_network_quinsquares
          [nicolae_vaults_network_quincunx_subvault,
          nicolae_vaults_network_quincunx_subvault,
          nicolae_vaults_network_quincunx_subvault,
          nicolae_vaults_network_quincunx_subvault], grunt_vaults_bifocal,
          v_misc_16, hangedman_vaults_capsules, v_misc_12, layout_vaults_maze,
          uniq_margery
Vaults:4: nicolae_vaults_ring_of_whatevers, v_misc_18,
          ontoclasm_vaults_ring_square, vaults_room_boxed, vaults_room_pool,
          hangedman_vaults_corner, nicolae_vaults_network_s, v_misc_2,
          ontoclasm_vaults_eye, nicolae_vaults_rhombus_6,
          nicolae_vaults_rhombus_7, layout_vaults_ring
Vaults:5: serial_shops
Depths:1: layout_cross, hangedman_coc_ice_floe, serial_shops, shop_fountains,
          hangedman_cracks_in_the_wall, infiniplex_staircase_pool_lava
Depths:2: evilmike_marble_ring, layout_basic, serial_bayou_pond_e, abyss_entry,
          grunt_mini_vestibule, grunt_potential, minmay_staircase_statues,
          grunt_megastairs_5, firewood_loft, serial_bayou_shore_b, uniq_sojobo
Depths:3: kennysheep_room_grid, layout_cave_pools, enter_ziggurat_a,
          infiniplex_enter_wizlab_spiral, abyss_entry, serial_column_ruins,
          column_ruins_hut, column_ruins_columns_straight,
          column_ruins_open_medium, column_ruins_corridor_corner,
          column_ruins_corridor_straight, column_ruins_grid_1,
          lemuel_statue_altar, hell_entry, rand_demon_pan_entry_4,
          kennysheep_generic_room_15
Depths:4: minmay_four_inscribed_fans, layout_cave_shapes,
          hangedman_abyss_entry_splay, pf_hell_entry_tar_river,
          grunt_decor_fettered, hangedman_abyss_or_decor_lesser_grid,
          minmay_shop_grid_forest
Depths:5: evilmike_zot_entry_argh, layout_cave_shapes, abyss_entry, hell_entry,
          serial_bayou_pond_e
Zot:1:    layout_basic, ebering_ghost_rock_garden, basic_altar

Skill      XL: |  1  2  3  4  5  6  7  8  9 10 11 12 13 14 15 16 17 18 19 20 21 22 23 24 25 26 27 |
---------------+----------------------------------------------------------------------------------+-----
Stealth        | 3 5 6 7 8 |  8.0
Poison Magic   | 4 5 6 8 11 12 13 14 | 14.0
Maces & Flails | 1 3 5 6 10 11 12 13 15 16 | 16.0
Spellcasting   | 3 4 5 7 9 10 11 12 | 12.0
Fighting       | 2 4 5 6 7 8 9 10 11 12 14 15 21 | 21.7
Armour         | 1 3 5 6 7 8 10 11 13 14 15 17 18 | 18.5
Dodging        | 2 3 4 5 6 7 8 9 10 | 10.7
Transmutations | 3 4 5 6 7 10 | 10.0
Fire Magic     | 3 4 5 6 7 10 | 10.0
Shields        | 2 5 7 8 9 11 12 13 15 16 17 18 19 20 25 | 25.0
Invocations    | 6 8 9 10 11 12 14 16 18 20 | 20.0
Throwing       | 1 3 5 |  5.2

Action                   |  1- 3 |  4- 6 |  7- 9 | 10-12 | 13-15 | 16-18 | 19-21 | 22-24 | 25-27 || total
-------------------------+-------+-------+-------+-------+-------+-------+-------+-------+-------++-------
Melee: Unarmed           |    29 |       |       |       |       |       |       |       |       ||    29
       Short sword       |    14 |       |       |       |       |       |       |       |       ||    14
       Whip              |    39 |    66 |       |       |       |       |       |       |       ||   105
       Morningstar       |       |    33 |   216 |   743 |   533 |       |       |       |       ||  1525
       Demon whip        |       |       |       |       |   634 |   677 |  2968 |  2846 |  4252 || 11377
       Shillelagh        |       |       |       |       |    43 |       |     3 |       |       ||    46
       Eveningstar       |       |       |       |       |       |       |       |    14 |   110 ||   124
       Headbutt          |       |       |       |       |       |       |       |       |   152 ||   152
Throw: Boomerang         |    24 |       |       |       |    18 |       |    11 |       |       ||    53
 Cast: Sting             |     5 |       |       |       |       |       |       |       |       ||     5
       Poisonous Vapours |    16 |    19 |    13 |    14 |    24 |     3 |     3 |       |     3 ||    95
       Olgreb's Toxic Ra |       |     2 |    16 |    41 |    53 |    12 |     7 |    22 |    24 ||   177
       Ignite Poison     |       |       |     9 |    33 |    54 |     9 |     4 |    21 |    15 ||   145
Invok: Minor Destruction |       |       |       |     1 |     6 |       |       |       |       ||     7
       Lesser Servant of |       |       |       |       |     2 |       |     1 |       |       ||     3
       Greater Servant o |       |       |       |       |       |     1 |       |     2 |       ||     3
       Major Destruction |       |       |       |       |       |       |     1 |       |     3 ||     4
 Abil: Fly               |       |       |       |       |       |       |     1 |     1 |       ||     2
       Stop Flying       |       |       |       |       |       |       |     1 |     1 |     1 ||     3
Evoke: Wand              |       |       |       |       |     9 |     1 |       |       |       ||    10
  Use: Scroll            |     4 |     1 |    10 |     8 |    15 |     6 |     6 |    13 |     9 ||    72
       Potion            |     1 |       |       |     2 |     2 |     2 |     1 |     4 |     8 ||    20
 Stab: Sleeping          |     1 |     3 |     8 |    14 |     7 |    10 |     7 |     7 |     1 ||    58
       Distracted        |       |       |       |     1 |     1 |       |     3 |     1 |     3 ||     9
       Petrified         |       |       |       |       |    24 |       |       |       |    23 ||    47
       Petrifying        |       |       |       |       |     4 |       |       |       |     2 ||     6
Armor: Robe              |    44 |    40 |    52 |   185 |    21 |       |       |       |       ||   342
       Steam dragon scal |       |       |    81 |   299 |   661 |    25 |       |       |       ||  1066
       Fire dragon scale |       |       |       |       |       |   291 |  2108 |  1317 |   576 ||  4292
       Skin              |       |       |       |       |       |     2 |       |       |       ||     2
       Gold dragon scale |       |       |       |       |       |       |       |       |  2506 ||  2506
Dodge: Dodged            |    78 |    57 |   185 |   596 |   607 |   172 |  1078 |   741 |   839 ||  4353
Block: Other             |       |    20 |     4 |       |       |       |       |       |       ||    24
       Kite shield       |       |       |       |   403 |   616 |   303 |   696 |       |       ||  2018
       Tower shield      |       |       |       |       |       |       |  2064 |  2338 |  4208 ||  8610

Table legend: (Time is in decaauts)
 A = Elapsed time spent in this place.
 B = Non-inter-level travel time spent in this place.
 C = Inter-level travel time spent in this place.
 D = Time resting spent in this place.
 E = Time spent auto-exploring this place.
 F = Levels seen in this place.
 G = Mean time per level.
                   A        B        C        D        E       F      G
               +--------+--------+--------+--------+--------+-----+--------+
         Total |  64015 |  55640 |   8375 |    429 |  36373 |  57 | 1123.1 |
       Dungeon |  21475 |  17299 |   4176 |    254 |  12233 |  15 | 1431.7 |
        Temple |     28 |     17 |     11 |      0 |      4 |   1 |   28.0 |
          Lair |   7695 |   6382 |   1313 |     16 |   4724 |   6 | 1282.5 |
         Swamp |   2565 |   2273 |    292 |      0 |   1455 |   4 |  641.2 |
     Snake Pit |   4929 |   4375 |    554 |      0 |   2814 |   4 | 1232.2 |
    Slime Pits |   2817 |   2713 |    104 |    128 |   1792 |   5 |  563.4 |
  Orcish Mines |   3184 |   2503 |    681 |      9 |   1808 |   2 | 1592.0 |
   Elven Halls |   3864 |   3547 |    317 |      0 |   2313 |   3 | 1288.0 |
        Vaults |   7775 |   7170 |    605 |      5 |   4568 |   5 | 1555.0 |
        Depths |   5649 |   5331 |    318 |      6 |   2864 |   5 | 1129.8 |
           Zot |     32 |     32 |      0 |      0 |      0 |   1 |   32.0 |
         Trove |     35 |     35 |      0 |      0 |      5 |   1 |   35.0 |
      Ice Cave |    519 |    519 |      0 |      0 |    219 |   1 |  519.0 |
       Volcano |   1041 |   1041 |      0 |      4 |    706 |   1 | 1041.0 |
        Wizlab |    506 |    506 |      0 |      0 |    165 |   1 |  506.0 |
    Desolation |   1381 |   1381 |      0 |      0 |    526 |   1 | 1381.0 |
      Gauntlet |    511 |    511 |      0 |      7 |    174 |   1 |  511.0 |
               +--------+--------+--------+--------+--------+-----+--------+

Top non-repeatable levels by time:
     D:9: 2757 daAuts
   Orc:2: 2047 daAuts
     D:8: 2044 daAuts
  Lair:3: 2014 daAuts
    D:10: 1862 daAuts
Vaults:5: 1673 daAuts
    D:15: 1638 daAuts
Vaults:2: 1603 daAuts
    D:14: 1592 daAuts
    D:11: 1588 daAuts
Depths:2: 1555 daAuts
Vaults:4: 1551 daAuts
     D:6: 1539 daAuts
Vaults:1: 1507 daAuts
   Elf:3: 1493 daAuts
